| TOP OF THE 1ST |
|
Rochester Red Wings batting - Pitching for Buffalo Bisons : RHP Rick Ownbey
|
|
Pitching: RHP Rick Ownbey
|
|
|
Batting: RHB Marty G Barrett
|
0-0: Called Strike 0-1: Ball 1-1: Ball 2-1: Swinging Strike 2-2: Ground out U3 (Groundball, 3S, EV 80.0 MPH)
|
|
Batting: LHB Ed Amelung
|
0-0: Ball 1-0: Called Strike 1-1: SINGLE (Line Drive, 7LM, EV 95.0 MPH)
|
|
Batting: SHB Jordan Ayala
|
0-0: Fly out, F8 (Flyball, 8LM, EV 89.4 MPH)
|
|
Batting: RHB Gerry Davis
|
0-0: Ball 1-0: Called Strike 1-1: Ball 2-1: Foul Ball, location: 2F 2-2: Fly out, F9 (Flyball, 9, EV 85.0 MPH)
|
| Top of the 1st over - 0 runs, 1 hit, 0 errors, 1 left on base; Rochester 0 - Buffalo 0 |
| BOTTOM OF THE 1ST |
|
Buffalo Bisons batting - Pitching for Rochester Red Wings : RHP Dave J Schmidt
|
|
Pitching: RHP Dave J Schmidt
|
|
|
Batting: RHB Juan Villa
|
0-0: Ball 1-0: SINGLE (Flyball, 3D, EV 91.3 MPH)
|
|
Batting: LHB Gene Krug
|
0-0: Called Strike 0-1: Ball 1-1: Ball Wild Pitch! Juan Villa to second 2-1: Called Strike Juan Villa is caught stealing 3rd base 2-5 2-2: Foul Ball, location: 2F 2-2: SINGLE (Line Drive, 3D, EV 99.4 MPH)
|
|
Batting: SHB George D Wright
|
0-0: Ball 1-0: Ball 2-0: Ball 3-0: Base on Balls Gene Krug to second
|
|
Batting: RHB Philip Klimas
|
0-0: Ball 1-0: Fly out, F9 (Flyball, 9LS, EV 75.6 MPH)
|
|
Batting: LHB Phillip Baskerville
|
0-0: Swinging Strike 0-1: Ball 1-1: SINGLE (Line Drive, 34, EV 103.8 MPH) Gene Krug to third George D Wright to second Runner from 3rd tries for Home, throw by RF and OUT! 9-2
|
| Bottom of the 1st over - 0 runs, 3 hits, 0 errors, 2 left on base; Rochester 0 - Buffalo 0 |
| TOP OF THE 2ND |
|
Rochester Red Wings batting - Pitching for Buffalo Bisons : RHP Rick Ownbey
|
|
Batting: RHB Pat Casey
|
0-0: Foul Ball, location: 2F 0-1: Ball 1-1: Foul Ball, location: 2F 1-2: Ball 2-2: Foul Ball, location: 2F 2-2: Strikes out swinging
|
|
Batting: RHB Chris Johnston
|
0-0: Called Strike 0-1: Ball 1-1: Swinging Strike 1-2: Foul Ball, location: 2F 1-2: Ball 2-2: Ground out 5-3 (Groundball, 5L, EV 88.1 MPH)
|
|
Batting: LHB Dave Falcone
|
0-0: Called Strike 0-1: Called Strike 0-2: Foul Ball, location: 2F 0-2: Strikes out looking
|
| Top of the 2nd over - 0 runs, 0 hits, 0 errors, 0 left on base; Rochester 0 - Buffalo 0 |
| BOTTOM OF THE 2ND |
|
Buffalo Bisons batting - Pitching for Rochester Red Wings : RHP Dave J Schmidt
|
|
Batting: RHB Bill Bathe
|
0-0: Foul Ball, location: 2F 0-1: Called Strike 0-2: Foul Ball, location: 2F 0-2: Foul Ball, location: 2F 0-2: Ball 1-2: Fly out, F3 (Line Drive, 3, EV 67.5 MPH)
|
|
Batting: LHB Bob Skube
|
0-0: Called Strike 0-1: Fly out, F8 (Flyball, 78M, EV 85.6 MPH)
|
|
Batting: RHB Pat Keedy
|
0-0: Called Strike 0-1: Ground out 6-3 (Groundball, 6, EV 106.3 MPH)
|
| Bottom of the 2nd over - 0 runs, 0 hits, 0 errors, 0 left on base; Rochester 0 - Buffalo 0 |
| TOP OF THE 3RD |
|
Rochester Red Wings batting - Pitching for Buffalo Bisons : RHP Rick Ownbey
|
|
Batting: RHB Jerry Dybzinski
|
0-0: Ball 1-0: Foul Ball, location: 2F 1-1: Ball 2-1: Ball 3-1: SINGLE (Line Drive, 34, EV 96.9 MPH)
|
|
Batting: RHB Johnnie LeMaster
|
0-0: Called Strike 0-1: Ball 1-1: Foul Ball, location: 2F 1-2: Ball 2-2: Ball 3-2: Fielders Choice at 2nd, 6-4 (Groundball, 6, EV 82.5 MPH)
|
|
Batting: RHB Marty G Barrett
|
0-0: Ball 1-0: Swinging Strike 1-1: Called Strike Johnnie LeMaster steals 2nd base 1-2: Ball 2-2: Foul Ball, location: 2F 2-2: Ball 3-2: 2-RUN HOME RUN (Flyball, 9D, EV 93.1 MPH), Distance : 373 ft
|
|
Batting: LHB Ed Amelung
|
0-0: Foul Ball, location: 2F 0-1: Foul Ball, location: 2F 0-2: Ground out 6-3 (Groundball, 6, EV 75.6 MPH)
|
|
Batting: SHB Jordan Ayala
|
0-0: Ball 1-0: Called Strike 1-1: Ball 2-1: Ball 3-1: Foul Ball, location: 2F 3-2: Foul Ball, location: 2F 3-2: Foul Ball, location: 2F 3-2: Base on Balls
|
|
Batting: RHB Gerry Davis
|
0-0: Ball Jordan Ayala is caught stealing 2nd base 2-4
|
| Top of the 3rd over - 2 runs, 2 hits, 0 errors, 0 left on base; Rochester 2 - Buffalo 0 |
| BOTTOM OF THE 3RD |
|
Buffalo Bisons batting - Pitching for Rochester Red Wings : RHP Dave J Schmidt
|
|
Batting: SHB George Zeber
|
0-0: Ball 1-0: Swinging Strike 1-1: Fly out, F8 (Flyball, 78D, EV 93.1 MPH)
|
|
Batting: RHB Juan Villa
|
0-0: Ball 1-0: Ball 2-0: Called Strike 2-1: Ball 3-1: Called Strike 3-2: SINGLE (Line Drive, 8RS, EV 106.9 MPH)
|
|
Batting: LHB Gene Krug
|
0-0: Ball Juan Villa is caught stealing 2nd base 2-6 1-0: Ground out 4-3 (Groundball, 34D, EV 86.9 MPH)
|
| Bottom of the 3rd over - 0 runs, 1 hit, 0 errors, 0 left on base; Rochester 2 - Buffalo 0 |
| TOP OF THE 4TH |
|
Rochester Red Wings batting - Pitching for Buffalo Bisons : RHP Rick Ownbey
|
|
Batting: RHB Gerry Davis
|
0-0: Foul Ball, location: 2F 0-1: Ball 1-1: Called Strike 1-2: Ball 2-2: Ball 3-2: Ground out 6-3 (Groundball, 6, EV 88.1 MPH)
|
|
Batting: RHB Pat Casey
|
0-0: Called Strike 0-1: Hit by Pitch
|
|
Batting: RHB Chris Johnston
|
0-0: Called Strike 0-1: Swinging Strike 0-2: Foul Ball, location: 2F 0-2: Ball 1-2: Strikes out swinging
|
|
Batting: LHB Dave Falcone
|
0-0: Called Strike 0-1: Called Strike 0-2: Fly out, F7 (Flyball, 7, EV 81.3 MPH)
|
| Top of the 4th over - 0 runs, 0 hits, 0 errors, 1 left on base; Rochester 2 - Buffalo 0 |
| BOTTOM OF THE 4TH |
|
Buffalo Bisons batting - Pitching for Rochester Red Wings : RHP Dave J Schmidt
|
|
Batting: SHB George D Wright
|
0-0: Foul Ball, location: 2F 0-1: Ball 1-1: Swinging Strike 1-2: Ball 2-2: Foul Ball, location: 2F 2-2: Ball 3-2: SINGLE (Groundball, 6MD, EV 107.5 MPH) (infield hit)
|
|
Batting: RHB Philip Klimas
|
0-0: Called Strike 0-1: Fly out, F5 (Line Drive, 5, EV 65.6 MPH)
|
|
Batting: LHB Phillip Baskerville
|
0-0: Fly out, F7 (Flyball, 7, EV 80.0 MPH)
|
|
Batting: RHB Bill Bathe
|
0-0: Ball George D Wright steals 2nd base (no throw) 1-0: Foul Ball, location: 2F 1-1: Foul Ball, location: 2F 1-2: Ground out 6-3 (Groundball, 6, EV 86.9 MPH)
|
| Bottom of the 4th over - 0 runs, 1 hit, 0 errors, 1 left on base; Rochester 2 - Buffalo 0 |
| TOP OF THE 5TH |
|
Rochester Red Wings batting - Pitching for Buffalo Bisons : RHP Rick Ownbey
|
|
Batting: RHB Jerry Dybzinski
|
0-0: Ball 1-0: Ball 2-0: Called Strike 2-1: Foul Ball, location: 2F 2-2: Strikes out looking
|
|
Batting: RHB Johnnie LeMaster
|
0-0: Ground out 4-3 (Groundball, 4, EV 84.4 MPH)
|
|
Batting: RHB Marty G Barrett
|
0-0: Foul Ball, location: 2F 0-1: Swinging Strike 0-2: Ball 1-2: SINGLE (Line Drive, 8RM, EV 96.3 MPH)
|
|
Batting: LHB Ed Amelung
|
0-0: Ball Marty G Barrett is caught stealing 2nd base 2-6
|
| Top of the 5th over - 0 runs, 1 hit, 0 errors, 0 left on base; Rochester 2 - Buffalo 0 |
| BOTTOM OF THE 5TH |
|
Buffalo Bisons batting - Pitching for Rochester Red Wings : RHP Dave J Schmidt
|
|
Batting: LHB Bob Skube
|
0-0: Foul Ball, location: 2F 0-1: Foul Ball, location: 2F 0-2: Ball 1-2: Strikes out looking
|
|
Batting: RHB Pat Keedy
|
0-0: Called Strike 0-1: Ball 1-1: Foul Ball, location: 2F 1-2: Strikes out swinging
|
|
Batting: SHB George Zeber
|
0-0: Called Strike 0-1: Fly out, F7 (Flyball, 78D, EV 106.9 MPH)
|
| Bottom of the 5th over - 0 runs, 0 hits, 0 errors, 0 left on base; Rochester 2 - Buffalo 0 |
| TOP OF THE 6TH |
|
Rochester Red Wings batting - Pitching for Buffalo Bisons : RHP Rick Ownbey
|
|
Batting: LHB Ed Amelung
|
0-0: Called Strike 0-1: Ball 1-1: Ball 2-1: Called Strike 2-2: Foul Ball, location: 2F 2-2: Fly out, F7 (Flyball, 7LS, EV 92.5 MPH)
|
|
Batting: SHB Jordan Ayala
|
0-0: Called Strike 0-1: Ground out 5-3 (Groundball, 56S, EV 89.4 MPH)
|
|
Batting: RHB Gerry Davis
|
0-0: Ball 1-0: Foul Ball, location: 2F 1-1: Ball 2-1: Foul Ball, location: 2F 2-2: Ball 3-2: Ground out 5-3 (Groundball, 56, EV 85.0 MPH)
|
| Top of the 6th over - 0 runs, 0 hits, 0 errors, 0 left on base; Rochester 2 - Buffalo 0 |
| BOTTOM OF THE 6TH |
|
Buffalo Bisons batting - Pitching for Rochester Red Wings : RHP Dave J Schmidt
|
|
Batting: RHB Juan Villa
|
0-0: Swinging Strike 0-1: Swinging Strike 0-2: Foul Ball, location: 2F 0-2: Foul Ball, location: 2F 0-2: Foul Ball, location: 2F 0-2: Ground out 1-3 (Groundball, 23, EV 70.0 MPH)
|
|
Batting: LHB Gene Krug
|
0-0: Ground out 3-1 (Groundball, 34, EV 100.0 MPH)
|
|
Batting: SHB George D Wright
|
0-0: Ground out 3-1 (Groundball, 34, EV 102.5 MPH)
|
| Bottom of the 6th over - 0 runs, 0 hits, 0 errors, 0 left on base; Rochester 2 - Buffalo 0 |
| TOP OF THE 7TH |
|
Rochester Red Wings batting - Pitching for Buffalo Bisons : RHP Rick Ownbey
|
|
Batting: RHB Pat Casey
|
0-0: Ball 1-0: Ball 2-0: Foul Ball, location: 2F 2-1: Foul Ball, location: 2F 2-2: Ball 3-2: Strikes out looking
|
|
Batting: RHB Chris Johnston
|
0-0: Ball 1-0: Swinging Strike 1-1: Called Strike 1-2: Foul Ball, location: 2F 1-2: Foul Ball, location: 2F 1-2: Ground out 5-3 (Groundball, 56S, EV 76.9 MPH)
|
|
Batting: LHB Dave Falcone
|
0-0: Swinging Strike 0-1: Ball 1-1: Ball 2-1: Foul Ball, location: 2F 2-2: Strikes out looking
|
| Top of the 7th over - 0 runs, 0 hits, 0 errors, 0 left on base; Rochester 2 - Buffalo 0 |
| BOTTOM OF THE 7TH |
|
Buffalo Bisons batting - Pitching for Rochester Red Wings : RHP Dave J Schmidt
|
|
Batting: RHB Philip Klimas
|
0-0: Ball 1-0: Ball 2-0: Swinging Strike 2-1: Ball 3-1: Foul Ball, location: 2F 3-2: Foul Ball, location: 2F 3-2: Base on Balls
|
|
Batting: LHB Phillip Baskerville
|
0-0: Ball 1-0: Foul Ball, location: 2F 1-1: Swinging Strike 1-2: Strikes out swinging
|
|
Batting: RHB Bill Bathe
|
0-0: Called Strike 0-1: Ball 1-1: Ball 2-1: Foul Ball, location: 2F 2-2: Ball 3-2: Base on Balls Philip Klimas to second
|
|
Batting: LHB Bob Skube
|
0-0: Ball 1-0: Called Strike 1-1: Swinging Strike 1-2: Foul Ball, location: 2F 1-2: Strikes out looking
|
|
Pinch Hitting: LHB Doe Boyland
|
0-0: Called Strike 0-1: Ball 1-1: Called Strike 1-2: SINGLE (Flyball, 6MD, EV 94.4 MPH) Philip Klimas to third Bill Bathe to second Runner from 3rd tries for Home, SAFE, throw by CF to home
|
|
Pinch Hitting: LHB Gary Rajsich
|
0-0: Foul Ball, location: 2F 0-1: Ball 1-1: Called Strike 1-2: Fly out, F5 (Popup, 5F, EV 73.8 MPH)
|
| Bottom of the 7th over - 1 run, 1 hit, 0 errors, 2 left on base; Rochester 2 - Buffalo 1 |
| TOP OF THE 8TH |
|
Rochester Red Wings batting - Pitching for Buffalo Bisons : RHP Rick Ownbey
|
|
Now at 2B: Carlos Matamoros
|
|
|
Now at SS: Nicholas Kintz
|
|
|
Batting: RHB Jerry Dybzinski
|
0-0: Hit by Pitch
|
|
Batting: RHB Johnnie LeMaster
|
0-0: Ball 1-0: Ball 2-0: Called Strike 2-1: Foul Ball, location: 2F 2-2: Fly out, F8 (Flyball, 8RM, EV 88.8 MPH)
|
|
Batting: RHB Marty G Barrett
|
0-0: Called Strike Jerry Dybzinski steals 2nd base 0-1: Ground out 4-3 (Groundball, 4MD, EV 85.6 MPH) Jerry Dybzinski to third
|
|
Batting: LHB Ed Amelung
|
0-0: Ball 1-0: Ball 2-0: Called Strike 2-1: Swinging Strike 2-2: Ground out 6-3 (Groundball, 6, EV 77.5 MPH)
|
| Top of the 8th over - 0 runs, 0 hits, 0 errors, 1 left on base; Rochester 2 - Buffalo 1 |
| BOTTOM OF THE 8TH |
|
Buffalo Bisons batting - Pitching for Rochester Red Wings : RHP Dave J Schmidt
|
|
Now in CF: Mario Delgado
|
|
|
Batting: RHB Juan Villa
|
0-0: Ball 1-0: SINGLE (Groundball, 56S, EV 67.5 MPH) (infield hit)
|
|
Batting: LHB Gene Krug
|
0-0: Called Strike Pickoff Throw by Catcher to First - Out! 0-1: Foul Ball, location: 2F 0-2: Ball 1-2: SINGLE (Flyball, 9LS, EV 88.1 MPH)
|
|
Batting: SHB George D Wright
|
0-0: Fielders Choice at 2nd, 2-4 (Groundball, 15S, EV 60.6 MPH)
|
|
Batting: RHB Philip Klimas
|
0-0: Called Strike 0-1: Ball 1-1: Ball 2-1: Ball 3-1: DOUBLE (Flyball, 8RXD, EV 105.0 MPH) George D Wright to third Runner from 3rd tries for Home, SAFE, throw by CF to trailing runner, SAFE at third!
|
|
Batting: LHB Phillip Baskerville
|
0-0: Intentional Walk
|
|
Batting: RHB Bill Bathe
|
0-0: Ball 1-0: Ball 2-0: Ball 3-0: Called Strike 3-1: Swinging Strike 3-2: Ground out 3-1 (Groundball, 3, EV 81.3 MPH)
|
| Bottom of the 8th over - 1 run, 3 hits, 0 errors, 2 left on base; Rochester 2 - Buffalo 2 |
| TOP OF THE 9TH |
|
Rochester Red Wings batting - Pitching for Buffalo Bisons : RHP Rick Ownbey
|
|
Pitching: RHP John Stuper
|
|
|
Batting: SHB Jordan Ayala
|
0-0: SINGLE (Line Drive, 4M, EV 102.5 MPH)
|
|
Batting: RHB Gerry Davis
|
0-0: Called Strike 0-1: Foul Ball, location: 2F 0-2: Ball 1-2: Fielders Choice at 2nd, 1-6 (Groundball, 13S, EV 70.0 MPH)
|
|
Batting: RHB Pat Casey
|
0-0: Ball 1-0: Ball Gerry Davis steals 2nd base 2-0: Intentional Walk
|
|
Batting: RHB Chris Johnston
|
0-0: Called Strike 0-1: Ball 1-1: SINGLE (Flyball, 4D, EV 91.9 MPH) Gerry Davis to third Pat Casey to second
|
|
Batting: LHB Dave Falcone
|
0-0: Fly out, F8 (Flyball, 8LXD, EV 105.6 MPH) Runner from 3rd tags up, SCORES, no throw by CF
|
|
Batting: RHB Jerry Dybzinski
|
0-0: Called Strike 0-1: Ball 1-1: Ball 2-1: Ball 3-1: Foul Ball, location: 2F 3-2: Foul Ball, location: 2F 3-2: Foul Ball, location: 2F 3-2: Base on Balls Pat Casey to third Chris Johnston to second
|
|
Batting: RHB Johnnie LeMaster
|
0-0: Ball 1-0: Called Strike 1-1: Ball 2-1: Ball 3-1: DOUBLE (Line Drive, 89M, EV 105.6 MPH) Pat Casey scores Chris Johnston scores Jerry Dybzinski to third Runner from 3rd tries for Home, SAFE, throw by RF to trailing runner, OUT at third! 9-4-5
|
| Top of the 9th over - 4 runs, 3 hits, 0 errors, 0 left on base; Rochester 6 - Buffalo 2 |
| BOTTOM OF THE 9TH |
|
Buffalo Bisons batting - Pitching for Rochester Red Wings : RHP Dave J Schmidt
|
|
Batting: LHB Bob Skube
|
0-0: Ball 1-0: Foul Ball, location: 2F 1-1: Called Strike 1-2: Fly out, F4 (Line Drive, 4, EV 65.0 MPH)
|
|
Batting: RHB Nicholas Kintz
|
0-0: Ball 1-0: Swinging Strike 1-1: Ball 2-1: Ground out 4-3 (Groundball, 4, EV 84.4 MPH)
|
|
Batting: RHB Carlos Matamoros
|
0-0: Called Strike 0-1: Ball 1-1: Ball 2-1: Called Strike 2-2: SINGLE (Groundball, 4M, EV 81.3 MPH) (infield hit)
|
|
Batting: RHB Juan Villa
|
0-0: Called Strike 0-1: Ball 1-1: Called Strike 1-2: Foul Ball, location: 2F 1-2: Ball 2-2: SINGLE (Line Drive, 4M, EV 95.0 MPH) Carlos Matamoros to second
|
|
Pitching: RHP Al Dawson
|
|
|
Batting: LHB Gene Krug
|
0-0: Ball 1-0: Fielders Choice at 2nd, 6-4 (Groundball, 6, EV 86.9 MPH)
|
| Bottom of the 9th over - 0 runs, 2 hits, 0 errors, 2 left on base; Rochester 6 - Buffalo 2 |
|